 Dungeon Crawl Stone Soup version 0.28-a0-803-g74956062c1 (webtiles) character file.

Game seed: 10802474697082895262

46 BinkBink the Firebug (level 3, 0/18 (19) HPs)
             Began as a Deep Elf Fire Elementalist on Nov 7, 2021.
             Succumbed to an adder's poison
             ... on level 2 of the Dungeon.
             The game lasted 00:03:36 (1530 turns).

BinkBink the Firebug (Deep Elf Fire Elementalist)   Turns: 1530, Time: 00:03:36

HP:   0/18 (19)     AC:  2    Str:  7    XL:     3   Next: 44%
MP:   7/10          EV: 12    Int: 20    God:
Gold: 25            SH:  0    Dex: 15    Spells: 9/10 levels left

rFire   . . .      SeeInvis .   (no weapon)
rCold   . . .      Faith    .   (no shield)
rNeg    . . .      Spirit   .   a - +0 robe
rPois   .          Reflect  .   (no helmet)
rElec   .          Harm     .   (no cloak)
rCorr   .          Rampage  .   (no gloves)
Will    .....                   (no boots)
Stlth   ++........              (no amulet)
HPRegen 0.06/turn               (no ring)
MPRegen 0.12/turn               (no ring)

@: mighty, lethally poisoned (0 -> -9), drained
A: talons 1, strong 1, MP-powered wands, devolution 1
a: no special abilities


You were on level 2 of the Dungeon.
You visited 1 branch of the dungeon, and saw 2 of its levels.

You collected 25 gold pieces.

Inventory:

Armour
 a - a +0 robe (worn)
Jewellery
 b - a ring of magical power
Scrolls
 c - a scroll of fear {unknown}
 e - a scroll of identify {unknown}
 f - a scroll of enchant armour {unknown}
 g - 2 scrolls of immolation {unknown}
 h - a scroll of teleportation {unknown}
 i - a scroll of silence {unknown}


   Skills:
 + Level 2.6 Dodging
 + Level 2.6 Stealth
 + Level 4.0 Spellcasting
 + Level 1.7 Conjurations
 + Level 4.0 Fire Magic


You had 9 spell levels left.
You knew the following spells:

 Your Spells              Type           Power      Damage    Failure   Level
a - Foxfire               Conj/Fire      60%        2x1d7     4%          1

Your spell library contained the following spells:

 Spells                   Type           Power      Damage    Failure   Level
 Scorch                   Fire           40%        2d7       3%          2
 Conjure Flame            Conj/Fire      15%        6-21      12%         3
 Inner Flame              Hex/Fire       12%        N/A       17%         3
 Flame Wave               Conj/Fire      15%        3d5       36%         4


Dungeon Overview and Level Annotations

Branches:
Dungeon (2/15)

Altars:

Shops:
D:1 ([?!*


Innate Abilities, Weirdness & Mutations

You have sharp toenails.
Your muscles are strong. (Str +2)
You expend magic power (3 MP) to strengthen your wands.
You have hidden genetic defects.


Message History

An adder comes into view.
The adder hisses angrily.
The ufetubus shouts!
The ball python hisses angrily.
You conjure some foxfire!
The foxfire hits the ufetubus.
The ufetubus is burned terribly!
The ufetubus is severely wounded.
You conjure some foxfire!
The ufetubus barely misses you. The ufetubus misses you.
There is not enough space to conjure foxfire!
Your foxfire dissipates!
The foxfire hits the ufetubus.
The ufetubus is burned terribly!
You kill the ufetubus!
The adder bites you. The adder barely misses you.
You see here a +0 scale mail.
The adder bites you but does no damage.
You conjure some foxfire!
The adder bites you.
You are poisoned.
The adder poisons you!
You conjure some foxfire!
You feel sick.
The foxfire hits the adder.
The adder is heavily wounded.
The foxfire hits the adder.
The adder is almost dead.
The adder bites you.
* * * LOW HITPOINT WARNING * * *
You are more poisoned.
The adder poisons you!
It was a potion of might.
You feel very mighty all of a sudden.
* * * LOW HITPOINT WARNING * * *
You feel very sick.
The foxfire hits the adder.
You kill the adder!
Your Spellcasting skill increases to level 4!
It was a potion of mutation.
You feel extremely strange.
Your toenails lengthen and sharpen.
You feel your magical essence link to the dungeon's wands.
You feel a hidden malignance growing inside you.
You feel stronger.
You die...

#..# #.## #.# #.# ###
#.# #.# #.. #.#
#..####[####.### #.#
#.......#.#...#.## #.#
##.####§§###.###.# #.#
#..@§v#...#..# #.#
#...§#...#...#.## #.#
#.....###.###.###.#
######.#
###....#...#...#..#
.......##
##.#...#...#...#.#
######..#
####.###.###.#### ..#
##.###
#.#...#...#...#.# †.#
#...# #...#...#...#..##
#.#
#.#.####†.###.###.###.#


There were no monsters in sight!

Vanquished Creatures
  An adder (D:2)
  A gnoll (D:1)
  An ufetubus (D:2)
  2 dart slugs (D:1)
  2 endoplasms
  3 goblins
  A hobgoblin (D:2)
  3 kobolds
  A quokka (D:2)
  A ball python (D:1)
  A bat (D:2)
  2 frilled lizards (D:2)
19 creatures vanquished.

Vanquished Creatures (others)
  76 foxfires
76 creatures vanquished.

Grand Total: 95 creatures vanquished

Notes
Turn   | Place    | Note
-------+----------+-------------------------------------------
     0 | D:1      | BinkBink the Deep Elf Fire Elementalist began the quest for
                  | the Orb.
     0 | D:1      | Reached XP level 1. HP: 10/10 MP: 6/6
    28 | D:1      | Found Mooquixi's Antique Armour Shop.
   203 | D:1      | Found Pulo's General Store.
   314 | D:1      | Found Edwerol's Weapon Shoppe.
   378 | D:1      | Reached XP level 2. HP: 5/15 MP: 0/8
   751 | D:1      | Found Xoohiast's Magic Scroll Boutique.
   867 | D:1      | Found a faded altar of an unknown god.
   921 | D:1      | Found Yxkofra's Distillery.
  1229 | D:2      | Reached XP level 3. HP: 14/17 MP: 7/9
  1530 | D:2      | Gained mutation: You have sharp toenails. [potion of
                  | mutation]
  1530 | D:2      | Gained mutation: You expend magic power (3 MP) to
                  | strengthen your wands. [potion of mutation]
  1530 | D:2      | Gained mutation: You have hidden genetic defects. [potion
                  | of mutation]
  1530 | D:2      | Gained mutation: Your muscles are strong. (Str +2) [potion
                  | of mutation]
  1530 | D:2      | Succumbed to an adder's poison

Illustrated notes

Levels and vault maps discovered:
D:1:      eino_arrival_water_star, layout_loops_ring, serial_shops,
          nicolae_shop_trees, shop_statue, nicolae_shop_stone,
          nicolae_lakefront_shop, shop, hellmonk_ecumenical_altar_leap_of_faith
D:2:      layout_loops_ring, minivault_11, kennysheep_doodads

Skill      XL: |  1  2  3 |
---------------+----------+-----
Fire Magic     | 4 |  4.0
Spellcasting   | 4 |  4.0
Dodging        | |  2.6
Stealth        | |  2.6
Conjurations   | |  1.7

Action                   || total
-------------------------++-------
 Cast: Foxfire           ||    55
  Use: Potion            ||     2
Armor: Robe              ||     2
Dodge: Dodged            ||    11

Table legend: (Time is in decaauts)
 A = Elapsed time spent in this place.
 B = Non-inter-level travel time spent in this place.
 C = Inter-level travel time spent in this place.
 D = Time resting spent in this place.
 E = Time spent auto-exploring this place.
 F = Levels seen in this place.
 G = Mean time per level.
                   A        B        C        D        E       F      G
               +--------+--------+--------+--------+--------+-----+--------+
         Total |   1531 |   1494 |     37 |      0 |   1296 |   2 |  765.5 |
       Dungeon |   1531 |   1494 |     37 |      0 |   1296 |   2 |  765.5 |
               +--------+--------+--------+--------+--------+-----+--------+

Top non-repeatable levels by time:
     D:1: 974 daAuts
     D:2: 556 daAuts
